 Dungeon Crawl Stone Soup version 0.22-a0-377-g846bec1 (webtiles) character file.

18620 Amnesiac the Thaumaturge (level 12, -28/81 HPs)
             Began as a Mummy Wizard on Apr 27, 2018.
             Was a High Priest of Sif Muna.
             Hit by a large rock thrown by a stone giant (48 damage)
             ... in a volcano.
             The game lasted 00:35:59 (14667 turns).

Amnesiac the Thaumaturge (Mummy Wizard)            Turns: 14667, Time: 00:35:59

Health: -28/81     AC: 10    Str: 10    XL:     12   Next: 29%
Magic:  15/28      EV: 14    Int: 21    God:    Sif Muna [*****.]
Gold:   1082       SH:  0    Dex: 16    Spells: 4/35 levels left

rFire    x . .     SeeInvis .   a - +1 scimitar (elec)
rCold    + . .     Gourm    .   (no shield)
rNeg     + + +     Faith    .   w - +0 steam dragon scales
rPois    ∞         Spirit   .   e - +0 helmet
rElec    .         Reflect  .   (no cloak)
rCorr    .         Harm     .   m - +0 pair of gloves
MR       +....                  (no boots)
Stlth    ++........             c - amulet of magic regeneration
HPRegen  0.23/turn              j - +3 ring of protection
MPRegen  0.46/turn              r - +4 ring of dexterity

@: very slightly contaminated, divine energy
A: no food or potions, fire vulnerability, cold resistance 1, negative energy
resistance 3, torment resistance, unbreathing
a: Stop Divine Energy, Channel Magic, Forget Spell, Renounce Religion


You were in a volcano.
You worshipped Sif Muna.
Sif Muna was extremely pleased with you.
You were not hungry.

You visited 3 branches of the dungeon, and saw 14 of its levels.
You also visited: Volcano.

You collected 1185 gold pieces.
You spent 103 gold pieces at shops.

Inventory:

Hand Weapons
 a - a +1 scimitar of electrocution (weapon)
 b - the +7 Singing Sword
   (You found it on level 4 of the Dungeon)
Armour
 e - a +0 helmet (worn)
 m - a +0 pair of gloves (worn)
 o - a +0 shield
 u - a +0 troll leather armour
 w - +0 steam dragon scales (worn)
Jewellery
 c - an amulet of magic regeneration (around neck)
 j - a +3 ring of protection (left hand)
 r - a +4 ring of dexterity (right hand)
Wands
 h - a wand of enslavement (17)
 k - a wand of iceblast (11)
 n - a wand of acid (7)
 s - a wand of flame (24)
Scrolls
 d - a scroll of magic mapping {!r}
 f - 3 scrolls of amnesia {!r}
 g - 7 scrolls of identify {!r}
 i - a scroll of fog {!r}
 l - 3 scrolls of teleportation {!r}
 p - a scroll of noise {!r}
 q - 2 scrolls of enchant armour {!r}
 t - a scroll of blinking {!r}
 v - a scroll of enchant weapon {!r}
 x - 6 scrolls of remove curse {!r}
 y - a scroll of brand weapon {!r}


   Skills:
 - Level 3.0 Fighting
 - Level 4.0 Dodging
 - Level 1.5 Stealth
 - Level 0.8 Shields
 + Level 12.2 Spellcasting
 * Level 12.1 Conjurations
 - Level 0.7 Summonings
 - Level 0.7 Translocations
 - Level 8.0 Invocations


You had 4 spell levels left.
You knew the following spells:

 Your Spells              Type           Power        Failure   Level  Hunger
a - Orb of Destruction    Conj           ######....   30%         7    N/A
b - Call Imp              Summ           ###.....     6%          2    N/A
c - Summon Lightning Spi  Summ/Air       ##......     41%         4    N/A
d - Sticky Flame          Conj/Fire      #####...     4%          4    N/A
e - Mephitic Cloud        Conj/Pois/Air  ####....     3%          3    N/A
f - Magic Dart            Conj           ####         1%          1    N/A
g - Fireball              Conj/Fire      #####.....   12%         5    N/A
s - Conjure Flame         Conj/Fire      #####...     1%          3    N/A
v - Blink                 Tloc           N/A          6%          2    N/A

Dungeon Overview and Level Annotations

Branches:
Dungeon (11/15)            Temple (1/1) D:5            Lair (0/6) D:9
    Orc (2/2) D:11            Elf (0/3) Orc:2

Altars:
Ashenzari
Cheibriados
Dithmenos
Elyvilon
Fedhas
Gozag
Hepliaklqana
Kikubaaqudgha
Makhleb
Nemelex Xobeh
Okawaru
Qazlal
Ru
Sif Muna
Trog
Uskayaw
Vehumet
Wu Jian
Xom
Yredelemnul
Zin
The Shining One

Shops:
D:8 (   D:11 !   Orc:1 :([


Innate Abilities, Weirdness & Mutations

You do not eat or drink.
Your flesh is vulnerable to fire.
You are immune to poison.
Your flesh is cold resistant. (rC+)
You are immune to negative energy. (rN+++)
You are immune to unholy pain and torment.
You can survive without breathing.


Message History

Confirm with . or Enter, or press ? or * to list all spells.
Aiming: Orb of Destruction (quite dangerous; 30% risk of failure)
Press: ? - help, Shift-Dir - straight line, f - molten gargoyle
Aim: a molten gargoyle, wielding a mace (hasn't noticed you)
You miscast Orb of Destruction.
Sif Muna protects you from the effects of your miscast!
Casting: Orb of Destruction (quite dangerous; 30% risk of failure)
Confirm with . or Enter, or press ? or * to list all spells.
Aiming: Orb of Destruction (quite dangerous; 30% risk of failure)
Press: ? - help, Shift-Dir - straight line, f/p - molten gargoyle
Aim: a molten gargoyle, wielding a mace The wavering orb of destruction hits the molten gargoyle.
You blow up the molten gargoyle!
Sif Muna accepts your kill.
You start resting.
Magic restored.
You start resting.
Magic restored.
You see here a mace.
Found five items.
You now have 1051 gold pieces (gained 19).
You see here 6 javelins.
You now have 1065 gold pieces (gained 14).
You now have 1075 gold pieces (gained 10).
You see here a glaive of flaming.
You now have 1082 gold pieces (gained 7).
You see here a glowing white potion {!q}.
You see here a mace.
There is a large open door here.
There is an open door here.
What are your orders? t - Shout!
Orders for allies: a - Attack new target. r - Retreat! s - Stop attacking. g - Guard the area. f - Follow me.
Anything else - Cancel.
You shout for attention!
You hear a shout!
A stone giant opens the door.
Casting: Orb of Destruction (quite dangerous; 30% risk of failure)
Confirm with . or Enter, or press ? or * to list all spells.
Aiming: Orb of Destruction (quite dangerous; 30% risk of failure)
Press: ? - help, Shift-Dir - straight line, f - stone giant
Aim: a stone giant You miscast Orb of Destruction.
You are very lightly contaminated with residual magic.
Your bandages stand on end.
The stone giant throws a large rock.
The large rock hits you!!!
Ouch! That really hurt!
* * * LOW HITPOINT WARNING * * *
Casting: Orb of Destruction (quite dangerous; 30% risk of failure)
Confirm with . or Enter, or press ? or * to list all spells.
Aiming: Orb of Destruction (quite dangerous; 30% risk of failure)
Press: ? - help, Shift-Dir - straight line, f/p - stone giant
Aim: a stone giant The stone giant throws a large rock.
The large rock hits you!
* * * LOW HITPOINT WARNING * * *
Really read
i - 2 scrolls of fog {!r}?
As you read the scroll of fog {!r}, it crumbles to dust.
The scroll dissolves into smoke.
The orb of destruction hits the stone giant.
The stone giant is severely wounded.
The stone giant throws a large rock.
The large rock hits you!!!
Ouch! That really hurt!
You die...

§ ≈≈§§ §§≈≈≈§ §§≈≈§≈≈
§≈§§§≈≈
#################§§§§§§≈§
#...C§§§@§§'....#.≈≈≈≈≈≈§
#.∩..#§8§8§#..∩.#.≈≈≈§§§§
#... #.§§§.#....#.§≈≈§§≈≈
### ###'###''###.≈§§§≈≈≈
#.#......#.≈§≈§§§≈
#.#.######.≈§≈≈§≈.
#)#.#.)..#.§§§≈..≈
#.#)#!(..#.§≈≈≈.§≈
#.#.#.[..#.§§§.§≈≈


You could see a stone giant.

Vanquished Creatures
  The ghost of Rhok the Cleaver, a journeyman DsMo (D:11)
  A death knight (D:11)
  A tengu warrior (D:9)
  An orc high priest (D:11)
  Nergalle (D:10)
  A phantasmal warrior (D:11)
  A cyclops (D:8)
  3 ugly things
  Psyche (D:8)
  A komodo dragon (D:9)
  A molten gargoyle (Volcano)
  An efreet (Volcano)
  3 trolls
  A tengu conjurer (D:9)
  Grinder (D:5)
  A hornet (D:10)
  15 yaks
  A spriggan (D:7)
  A wraith (D:10)
  A steam dragon (D:10)
  2 fire elementals (Volcano)
  Edmund (D:5)
  2 ice beasts
  15 orc warriors
  A necrophage (D:11)
  2 sky beasts
  A phantom (D:8)
  6 ogres
  7 centaurs
  4 crocodiles
  An elf zombie (D:11)
  A big kobold (D:8)
  8 bullfrogs
  2 earth elementals (Volcano)
  4 scorpions
  4 wights
  A troll skeleton (D:11)
  3 howler monkeys
  A centaur zombie (D:10)
  4 crimson imps
  2 bullfrog zombies
  3 lava snakes (Volcano)
  A quasit (D:9)
  2 human zombies (D:11)
  8 hounds
  8 orc priests
  A bullfrog skeleton (D:5)
  2 centaur skeletons
  5 jellies
  Jessica (D:2)
  A human skeleton (D:11)
  4 iguanas
  5 worker ants
  12 orc wizards
  Terence (D:2)
  A hound skeleton (D:10)
  3 mummies (D:11)
  Robin (D:2)
  11 gnolls
  7 adders
  5 shadow imps
  An adder zombie (D:6)
  2 oozes
  3 worms (D:2)
  2 dart slugs
  9 leopard geckos
  36 orcs
  2 giant cockroaches
  18 goblins
  5 hobgoblins
  6 jackals
  3 quokkas
  11 bats
  3 frilled lizards
  2 jackal skeletons
  15 kobolds
  An orc skeleton (D:11)
  A quokka zombie (D:7)
  8 rats
320 creatures vanquished.

Vanquished Creatures (collateral kills)
  Gastronok (D:10)
  A wraith (D:11)
  A water moccasin (D:9)
  An ice beast (D:8)
  A scorpion (D:4)
  An orc priest (D:4)
  An iguana (D:5)
  An adder (D:5)
  2 worms
  9 orcs
  2 hobgoblins (D:3)
  A quokka (D:3)
  A rat (D:3)
23 creatures vanquished.

Vanquished Creatures (others)
  A jelly (D:11)
  A plant (D:9)
2 creatures vanquished.

Grand Total: 345 creatures vanquished

Notes
Turn   | Place    | Note
-------+----------+-------------------------------------------
     0 | D:1      | Amnesiac the Mummy Wizard began the quest for the Orb.
     0 | D:1      | Reached XP level 1. HP: 13/13 MP: 5/5
    69 | D:1      | Reached skill level 1 in Conjurations
   416 | D:1      | Reached XP level 2. HP: 16/19 MP: 0/7
   420 | D:1      | Learned a level 2 spell: Call Imp
   848 | D:3      | Reached XP level 3. HP: 24/24 MP: 4/8
   853 | D:3      | Learned a level 3 spell: Conjure Flame
   857 | D:3      | Learned a level 3 spell: Mephitic Cloud
  1164 | D:2      | HP: 1/24 [orc (2)]
  1802 | D:4      | Noticed a scorpion
  2040 | D:4      | Reached XP level 4. HP: 27/30 MP: 3/10
  2047 | D:4      | Learned a level 2 spell: Blink
  2358 | D:4      | Reached XP level 5. HP: 34/35 MP: 5/11
  2682 | D:4      | Found a glowing golden altar of the Shining One.
  2877 | D:5      | Entered Level 5 of the Dungeon
  2958 | D:5      | Reached skill level 1 in Fighting
  3083 | D:5      | Reached XP level 6. HP: 22/43 MP: 1/12
  3136 | D:5      | Noticed an ice beast
  3157 | D:5      | Noticed Edmund
  3187 | D:5      | Killed Edmund
  3202 | D:5      | Killed an ice beast
  3383 | D:5      | Noticed Grinder
  3395 | D:5      | Killed Grinder
  3395 | D:5      | Reached XP level 7. HP: 41/50 MP: 2/14
  3439 | D:5      | Found a basalt altar of Yredelemnul.
  3439 | D:5      | Found a shimmering altar of Xom.
  3606 | D:5      | Reached skill level 5 in Spellcasting
  3646 | D:5      | Reached skill level 5 in Conjurations
  3912 | D:5      | Found a blossoming altar of Fedhas.
  3988 | D:5      | Found a staircase to the Ecumenical Temple.
  4002 | Temple   | Entered the Ecumenical Temple
  4103 | Temple   | Became a worshipper of Sif Muna the Loreminder
  4744 | D:2      | Noticed Robin
  4751 | D:2      | Killed Robin
  4921 | D:2      | Found a faded altar of an unknown god.
  4942 | D:2      | Noticed Jessica
  4946 | D:2      | Killed Jessica
  5372 | D:2      | Noticed Terence
  5386 | D:2      | Killed Terence
  5408 | D:2      | Found a hide-covered altar of Uskayaw.
  5408 | D:2      | Found an ancient bone altar of Kikubaaqudgha.
  5870 | D:3      | Found an iron altar of Okawaru.
  5985 | D:4      | Found the +7 Singing Sword
  6363 | D:6      | Reached XP level 8. HP: 53/57 MP: 12/16
  6514 | D:6      | Reached * piety under Sif Muna
  7172 | D:7      | Reached ** piety under Sif Muna
  7260 | D:7      | Reached XP level 9. HP: 60/62 MP: 4/20
  7356 | D:7      | Found an opulent altar of Gozag.
  7485 | D:8      | Noticed Psyche
  7926 | D:8      | Noticed a cyclops
  7952 | D:8      | Killed Psyche
  7952 | D:8      | Reached *** piety under Sif Muna
  8590 | D:8      | Killed a cyclops
  8770 | D:8      | Found Mufam's Weapon Emporium.
  8946 | D:9      | Reached XP level 10. HP: 68/68 MP: 14/23
  8959 | D:9      | Reached **** piety under Sif Muna
  8979 | D:9      | Noticed a tengu warrior
  9098 | D:9      | Killed a tengu warrior
  9098 | D:9      | Reached skill level 10 in Spellcasting
  9162 | D:9      | Reached skill level 10 in Conjurations
  9506 | D:9      | Found a staircase to the Lair.
  9860 | D:10     | Entered Level 10 of the Dungeon
  9933 | D:10     | Noticed Gastronok
  9945 | D:9      | Reached ***** piety under Sif Muna
 10021 | D:10     | Received a gift from Sif Muna
 10035 | D:10     | Learned a level 4 spell: Summon Lightning Spire
 10040 | D:10     | Learned a level 4 spell: Sticky Flame
 10045 | D:10     | Noticed a brown ugly thing
 10103 | D:10     | Noticed a white ugly thing
 10112 | D:10     | Killed a white ugly thing
 10144 | D:10     | Killed a brown ugly thing
 10163 | D:10     | Reached XP level 11. HP: 14/73 MP: 10/26
 10438 | D:10     | Learned a level 5 spell: Fireball
 10461 | D:10     | Killed Gastronok
 10646 | D:10     | Noticed Nergalle
 10883 | D:10     | Killed Nergalle
 11375 | D:11     | Noticed a white ugly thing
 11385 | D:11     | Killed a white ugly thing
 11393 | D:11     | Noticed a death knight
 11411 | D:11     | Noticed a phantasmal warrior
 11414 | D:11     | HP: 3/73 [death knight/enchanted halberd (1)]
 11415 | D:11     | Noticed a phantasmal warrior
 11415 | D:11     | Killed a death knight
 11415 | D:11     | Reached skill level 5 in Invocations
 11735 | D:11     | Found Jiuddif's Distillery.
 11772 | D:11     | Found an ancient bone altar of Kikubaaqudgha.
 11917 | D:11     | Received a gift from Sif Muna
 11927 | D:11     | Learned a level 7 spell: Orb of Destruction
 11953 | D:11     | Found an opulent altar of Gozag.
 11961 | D:11     | Noticed Rhok's ghost (journeyman DsMo)
 11966 | D:11     | Killed Rhok's ghost
 12030 | D:11     | Found a staircase to the Orcish Mines.
 12055 | D:11     | Killed a phantasmal warrior
 12097 | Orc:1    | Entered Level 1 of the Orcish Mines
 12327 | Orc:1    | Reached XP level 12. HP: 38/80 MP: 0/28
 12482 | Orc:1    | Found Cumoc's Book Shoppe.
 12589 | Orc:1    | Noticed an orc high priest
 12858 | D:11     | Killed an orc high priest
 12979 | Orc:1    | Found Iromusho's Antique Weapon Shoppe.
 13195 | Orc:1    | Found Boul's Antique Armour Emporium.
 13401 | Orc:2    | Entered Level 2 of the Orcish Mines
 13703 | Orc:1    | Bought a runed robe for 103 gold pieces
 13814 | Orc:2    | Found a dark tunnel.
 13824 | Volcano  | Entered a volcano
 14312 | Volcano  | Found a burning altar of Makhleb.
 14462 | Volcano  | Noticed a stone giant
 14667 | Volcano  | Hit by a large rock thrown by a stone giant

Vault maps used:
D:1:      dpeg_arrival_connections
D:2:      gammafunk_temple_overflow_pools, first_ration,
          chequers_ecumenical_altar_simple_redux, uniq_jessica, uniq_terence,
          uniq_robin
D:3:      kennysheep_okawaru_gauntlet
D:4:      old_forge, lemuel_round_altar, serial_co_window_serial,
          co_window_paths_b, co_window_paths_a, co_window_of_opportunity_a,
          co_window_of_opportunity_a, co_window_corner_a, co_window_paths_b,
          co_window_corner_a, co_window_corner_a, co_window_corner_a,
          co_window_2corner, co_window_of_opportunity_b, glass_columns_a,
          glass_columns_c, glass_columns_b, kennysheep_generic_room_2
D:5:      gammafunk_temple_overflow_wave, temple_green, fedhas_altar_1,
          uniq_grinder, uniq_edmund
D:6:      serial_glass, glass_columns_a, glass_columns_a, glass_columns_b,
          glass_columns_a, glass_columns_b, glass_columns_b, feat_on_display,
          hex_medium, moated_statue
D:7:      lemuel_coloured_pillars_altar, the_bakery
D:8:      cheibrodos_barr_body, serial_shops, nicolae_shop_behind_doors,
          uniq_psyche
D:9:      david_lair_shrubbed
D:10:     uniq_nergalle, uniq_gastronok
D:11:     orc_0_dummy, serial_shops, kennysheep_mini_moat, basic_altar,
          lemuel_mausoleum_altar_kikubaaqudgha
Temple:   nicolae_temple_elliptical
Orc:1:    serial_shops, shop, shop, nicolae_shop_statue_plus
Orc:2:    st_orc_pillars, basic_altar, nicolae_volcano_entry_batcave
Volcano:  volcano_lake

Skill      XL: |  1  2  3  4  5  6  7  8  9 10 11 12 |
---------------+-------------------------------------+-----
Conjurations   | 1 2 3 4 5 7 9 11 12 | 12.1
Dodging        | 2 3 4 |  4.0
Fighting       | 1 2 3 |  3.0
Spellcasting   | 5 7 9 11 12 | 12.2
Invocations    | 6 8 |  8.0
Stealth        | |  1.5
Shields        | |  0.8
Summonings     | |  0.7
Translocations | |  0.7

Action                   |  1- 3 |  4- 6 |  7- 9 | 10-12 || total
-------------------------+-------+-------+-------+-------++-------
Melee: Unarmed           |     1 |       |       |       ||     1
       Long sword        |     5 |    12 |     6 |       ||    23
       Double sword      |       |       |    27 |    91 ||   118
       Scimitar          |       |       |       |    25 ||    25
 Cast: Magic Dart        |    68 |    62 |   400 |    91 ||   621
       Call Imp          |    14 |     6 |     8 |    16 ||    44
       Mephitic Cloud    |     2 |     2 |    17 |    13 ||    34
       Conjure Flame     |       |     3 |    10 |    19 ||    32
       Blink             |       |       |     2 |     5 ||     7
       Sticky Flame      |       |       |       |    50 ||    50
       Fireball          |       |       |       |    69 ||    69
       Orb of Destructio |       |       |       |    16 ||    16
       Summon Lightning  |       |       |       |     3 ||     3
Invok: Divine Energy     |       |       |     1 |       ||     1
  Use: Scroll            |     3 |       |     5 |    10 ||    18
 Stab: Confused          |       |       |     3 |     3 ||     6
Armor: Robe              |    14 |     2 |     6 |       ||    22
       Animal skin       |       |       |    37 |    37 ||    74
       Skin              |       |       |     1 |       ||     1
       Steam dragon scal |       |       |       |    53 ||    53
       Troll leather arm |       |       |       |    17 ||    17
Dodge: Dodged            |    48 |    16 |    96 |   185 ||   345
       Rpst.: Long sword |     8 |     3 |     8 |       ||    19
       Double sword      |       |       |    20 |    41 ||    61
       Scimitar          |       |       |       |     7 ||     7

Table legend:
 A = Spawn XP
 B = Non-spawn XP
 C = Spawn XP percentage of total XP
 D = Spawn monster count
 E = Non-spawn monster count
 F = Spawn count percentage of total count
 G = Total turns spent on level
                    A         B        C        D         E        F      G
               +---------+---------+-------+---------+---------+-------+---------
         Total |       0 |   26600 |   0.0 |       0 |     342 |   0.0 | 14667
               +---------+---------+-------+---------+---------+-------+---------
           D:1 |       0 |      40 |   0.0 |       0 |      19 |   0.0 |  1241
           D:2 |       0 |     217 |   0.0 |       0 |      40 |   0.0 |  1435
           D:3 |       0 |      48 |   0.0 |       0 |      23 |   0.0 |  1045
           D:4 |       0 |     256 |   0.0 |       0 |      14 |   0.0 |  1021
           D:5 |       0 |     820 |   0.0 |       0 |      16 |   0.0 |  1495
           D:6 |       0 |     461 |   0.0 |       0 |      18 |   0.0 |   585
           D:7 |       0 |    1060 |   0.0 |       0 |      15 |   0.0 |   861
           D:8 |       0 |    2586 |   0.0 |       0 |      42 |   0.0 |  1121
           D:9 |       0 |    3758 |   0.0 |       0 |      28 |   0.0 |  1643
          D:10 |       0 |    7521 |   0.0 |       0 |      35 |   0.0 |   744
          D:11 |       0 |    5334 |   0.0 |       0 |      23 |   0.0 |  1137
         Orc:1 |       0 |    2024 |   0.0 |       0 |      41 |   0.0 |  1082
         Orc:2 |       0 |    1053 |   0.0 |       0 |      19 |   0.0 |   300
       Volcano |       0 |    1422 |   0.0 |       0 |       9 |   0.0 |   843
               +---------+---------+-------+---------+---------+-------+---------
